AoeStats
← Barón de la Cerveza

Marketplace

505135944Analyzed
1v1 RM · 26d ago on Sep 8, 2026· 48m 52s· 2 players
Game mode
Random Map
Map size
Tiny (2 player)
Population
200
Speed
Normal
Resources
Standard
Victory
Conquest
Starting age
Dark Age
Ending age
Imperial Age
RankedLock teamsTeams togetherTeam positionsShared explorationLock speedFull tech treeHidden civsTurbo modeCheats
Victory
Defeat
🇦🇷 Byzantines · Argentina
1709
+21
🇲🇽 Ethiopians · Mexico
1826
-21
Barón de la Cerveza
12:24 Feudal Age
11:33 Loom
17:31 Castle Age
17:45 Double-Bit Axe
18:15 Horse Collar
27:04 Bow Saw
33:57 Wheelbarrow
33:10 Town Watch
37:29 Imperial Age
36:46 Fletching
36:57 Padded Archer Armor
37:43 Ballistics
37:35 Masonry
37:03 Elite Skirmisher
37:49 Thumb Ring
38:26 Leather Archer Armor
38:07 Bodkin Arrow
38:40 Stone Mining
39:46 Ring Archer Armor
40:33 Bracer
41:04 Crossbowman
44:36 Chemistry
巨大豚
6:55 Loom
9:25 Feudal Age
12:35 Fletching
16:25 Double-Bit Axe
20:35 Castle Age
20:27 Gold Mining
21:12 Bodkin Arrow
20:57 Crossbowman
25:17 Wheelbarrow
26:16 Horse Collar
27:19 Bow Saw
32:50 Imperial Age
31:16 Ballistics
31:02 Padded Archer Armor
33:50 Leather Archer Armor
33:36 Bracer
34:42 Chemistry
34:04 Arbalester
36:51 Thumb Ring
37:33 Elite Skirmisher
40:24 Leather Archer Armor
43:46 Conscription
44:46 Ring Archer Armor
47:46 Capped Ram
49:01 Guilds
Connection lost

Rejoining the realm…

Still unreachable

The connection could not be restored.

Session expired

The server has moved on; the page needs a fresh start.